 Dungeon Crawl Stone Soup version 0.26-a0-466-g989023bd0d (webtiles) character file.

Game seed: 5980078304278033032

154 mortelune the Skirmisher (level 5, 0/43 HPs)
             Began as a Formicid Abyssal Knight on Aug 2, 2020.
             Was a Follower of Lugonu.
             Slain by Grinder (2 damage)
             ... on level 3 of the Dungeon.
             The game lasted 00:05:44 (2894 turns).

mortelune the Skirmisher (Formicid Abyssal Knight)  Turns: 2894, Time: 00:05:45

Health: 0/43       AC:  8    Str: 14 (17) XL:     5   Next: 63%
Magic:  6/6        EV:  6    Int:  8 (11) God:    Lugonu [*.....]
Gold:   116        SH:  0    Dex: 14 (17) Spells: 4/4 levels left

rFire    . . .     SeeInvis +   a - +1 falchion
rCold    . . .     Faith    .   (no shield)
rNeg     . . .     Spirit   .   n - +0 chain mail
rPois    .         Reflect  .   (helmet unavailable)
rElec    .         Harm     .   (no cloak)
rCorr    .                      (no gloves)
MR       +....                  (no boots)
Stlth    ..........             (no amulet)
HPRegen  0.14/turn              i - +6 ring of dexterity (curse)
MPRegen  0.10/turn              M - ring of protection from magic

@: no status effects
A: permanent stasis, dig shafts and tunnels, four strong arms, antennae 3
a: Dig, Shaft Self, Depart the Abyss, Renounce Religion


You were on level 3 of the Dungeon.
You worshipped Lugonu.
Lugonu was aware of your devotion.
You visited 1 branch of the dungeon, and saw 4 of its levels.
You visited the Abyss 1 time.

You collected 116 gold pieces.

Inventory:

Hand Weapons
 a - a +1 falchion (weapon)
Missiles
 g - a javelin (quivered)
Armour
 b - a +0 leather armour
 d - a +0 ring mail
 n - a +0 chain mail (worn)
Jewellery
 i - a cursed +6 ring of dexterity (left hand)
 I - an uncursed ring of protection from cold
 M - a ring of protection from magic (right hand)
Scrolls
 c - a scroll of teleportation {unknown}
 e - 3 scrolls of identify {unknown}
 f - a scroll of fog {unknown}
 h - a scroll of fear {unknown}
Potions
 k - a potion of magic
 l - a potion of flight {unknown}


   Skills:
 + Level 4.5 Fighting
 * Level 4.5 Long Blades
 - Level 2.1 Armour
 - Level 0.8 Dodging
 - Level 2.1 Invocations


You had 4 spell levels left.
You didn't know any spells.
Your spell library was empty.

Dungeon Overview and Level Annotations

Branches:
Dungeon (4/15)
 Temple: D:4-7

Altars:

Annotations:
D:3 Grinder


Innate Abilities, Weirdness & Mutations

You cannot be hasted, slowed, berserked, paralysed or teleported.
You can dig through walls and to a lower floor.
Your four strong arms can wield two-handed weapons with a shield.
You have a pair of large antennae on your head. (SInv)


Message History

Grinder hits you.
You writhe in agony.
* * * LOW HITPOINT WARNING * * *
You closely miss Grinder.
Grinder is lightly wounded.
Grinder hits you.
* * * LOW HITPOINT WARNING * * *
You writhe in agony.
* * * LOW HITPOINT WARNING * * *
It was a potion of magic.
Magic courses through your body. Grinder hits you but does no damage.
It was a potion of degeneration.
There was something very wrong with that liquid.
You feel weakened.
You feel dopey.
You feel clumsy.
Grinder says, "I used to sell toenails on the black market."
Grinder gestures at you. You resist with almost no effort.
It was a potion of haste.
Your stasis prevents you from being hasted.
Grinder hits you.
You die...

#.# #†# #.#####.# #....<#.#
#######.##########
###########.............#
#..............#######.##
#.#######..............#
.########.#.....#..##########..##
...............5@..÷.>..........#
(########.#.#.#.........#...#.###
.............#.............#.#
########.#.#.#...............#
#........####<...#.####
###....##.##.#....#.#
#............#......#
#.#...###.##.#####..#
#[##.............#..#


You could see Grinder.

Vanquished Creatures
  Natasha (thrice) (D:2)
  2 adders
  An ooze (D:1)
  A worm (D:1)
  A leopard gecko (D:1)
  4 orcs (D:4)
  7 bats
  A giant cockroach (D:1)
  8 goblins
  5 hobgoblins
  2 jackals (D:1)
  5 kobolds
  2 quokkas (D:2)
  A frilled lizard (D:2)
  6 rats
49 creatures vanquished.

Notes
Turn   | Place    | Note
-------+----------+-------------------------------------------
     0 | Abyss:1  | mortelune the Formicid Abyssal Knight began the quest for
                  | the Orb.
     0 | Abyss:1  | Reached XP level 1. HP: 18/18 MP: 2/2
    54 | Abyss:1  | Noticed a large abomination
    55 | D:1      | Escaped the Abyss
   253 | D:1      | Reached * piety under Lugonu
   253 | D:1      | Reached XP level 2. HP: 21/24 MP: 3/3
   907 | D:1      | Reached XP level 3. HP: 30/30 MP: 4/4
  1717 | D:2      | Noticed Natasha
  1729 | D:2      | Killed Natasha
  1729 | D:2      | Reached XP level 4. HP: 31/37 MP: 5/5
  2110 | D:2      | Noticed Natasha
  2120 | D:2      | Killed Natasha
  2120 | D:2      | Reached XP level 5. HP: 36/42 MP: 6/6
  2291 | D:2      | Noticed Natasha
  2300 | D:2      | Killed Natasha
  2606 | D:3      | Noticed Grinder
  2817 | D:4      | Noticed an ogre
  2891 | D:3      | HP: 1/43 [Grinder (6)]
  2894 | D:3      | Slain by Grinder

Illustrated notes

Levels and vault maps discovered:
D:1:      dpeg_arrival_rooms_with_view, layout_basic
D:2:      layout_rooms, minmay_tetromino_s4, uniq_natasha
D:3:      layout_basic, nicolae_overflow_hidden_temple,
          nicolae_overflow_crystal_walls, old_standard_altar, vehumet_crystals,
          uniq_grinder
D:4:      layout_rooms, marbit_many_paths

Skill      XL: |  1  2  3  4 |
---------------+-------------+-----
Long Blades    | 3 4 |  4.5
Fighting       | 4 |  4.5
Armour         | |  2.1
Dodging        | |  0.8
Invocations    | |  2.1

Action                   |  1- 3 |  4- 6 || total
-------------------------+-------+-------++-------
Melee: Falchion          |    82 |    72 ||   154
Throw: Javelin           |     1 |     7 ||     8
Invok: Depart the Abyss  |     1 |       ||     1
  Use: Potion            |       |     3 ||     3
Armor: Ring mail         |    24 |    30 ||    54
       Chain mail        |       |     1 ||     1
Dodge: Dodged            |    58 |    43 ||   101
       Rpst.: Falchion   |    21 |    12 ||    33

Table legend: (Time is in decaauts)
 A = Elapsed time spent in this place.
 B = Non-inter-level travel time spent in this place.
 C = Inter-level travel time spent in this place.
 D = Time resting spent in this place.
 E = Time spent auto-exploring this place.
 F = Levels seen in this place.
 G = Mean time per level.
                   A        B        C        D        E       F      G
               +--------+--------+--------+--------+--------+-----+--------+
         Total |   2917 |   2812 |    105 |    701 |   1494 |   5 |  583.4 |
       Dungeon |   2862 |   2757 |    105 |    701 |   1457 |   4 |  715.5 |
         Abyss |     55 |     55 |      0 |      0 |     37 |   1 |   55.0 |
               +--------+--------+--------+--------+--------+-----+--------+

Top non-repeatable levels by time:
     D:1: 1658 daAuts
     D:2: 650 daAuts
     D:3: 298 daAuts
     D:4: 255 daAuts
 Abyss:1: 55 daAuts
